 Dungeon Crawl Stone Soup version 0.21.1-1-g345015fe64 (webtiles) character file.

1703 Razbojnik the Thaumaturge (level 8, -6/43 HPs)
             Began as a Deep Elf Conjurer on July 25, 2018.
             Was an Initiate of Vehumet.
             Shot with an arrow by a centaur (14 damage)
             ... on level 5 of the Dungeon on July 26, 2018.
             The game lasted 00:58:56 (8641 turns).

Razbojnik the Thaumaturge (Deep Elf Conjurer)       Turns: 8641, Time: 00:58:57

Health: -6/43      AC:  6    Str:  8    XL:     8   Next: 73%
Magic:  13/22      EV: 13    Int: 23    God:    Vehumet [......]
Gold:   10         SH:  5    Dex: 15    Spells: 9/23 levels left

rFire    . . .     SeeInvis .   K - staff of wizardry
rCold    . . .     Gourm    .   e - +0 buckler
rNeg     . . .     Faith    .   a - +0 robe
rPois    .         Spirit   .   (no helmet)
rElec    .         Reflect  .   w - +0 cloak
rCorr    .         Harm     .   l - +0 pair of gloves
MR       .....                  f - +1 pair of boots
Stlth    +++.......             q - amulet of magic regeneration
HPRegen  0.14/turn              i - +3 ring of strength
MPRegen  0.43/turn              D - ring of flight

@: no status effects
A: no striking features
a: Renounce Religion, Evoke Flight


You were on level 5 of the Dungeon.
You worshipped Vehumet.
Vehumet was noncommittal.
You were hungry.

You visited 2 branches of the dungeon, and saw 8 of its levels.
You also visited: Sewer.

You collected 205 gold pieces.
You spent 195 gold pieces at shops.

Inventory:

Hand Weapons
 g - a +0 dagger
 I - a +0 blowgun
Missiles
 u - 11 javelins (quivered)
 J - 31 poisoned needles
 O - 2 throwing nets
Armour
 a - a +0 robe (worn)
 e - a +0 buckler (worn)
 f - a +1 pair of boots (worn)
 l - a +0 pair of gloves (worn)
 t - a +0 leather armour
 w - a +0 cloak (worn)
 P - the +2 robe of the Thistle {rPois rF- Int+2}
   (You found it on level 6 of the Dungeon)

   It affects your intelligence (+2).
   It makes you vulnerable to fire.
   It protects you from poison.
Magical Staves
 K - an uncursed staff of wizardry (weapon)
 R - an uncursed staff of poison
Jewellery
 i - a +3 ring of strength (left hand)
 q - an amulet of magic regeneration (around neck)
 B - an uncursed amulet of regeneration
 D - a ring of flight (right hand)
Scrolls
 d - 5 scrolls of identify
 n - 5 scrolls of amnesia {unknown}
 r - 4 scrolls of fear {unknown}
 v - a scroll of noise {unknown}
 y - 3 scrolls of blinking {unknown}
 C - a scroll of enchant weapon {unknown}
 E - a scroll of magic mapping {unknown}
 F - a scroll of enchant armour {unknown}
 H - a scroll of teleportation {unknown}
 N - a scroll of remove curse {unknown}
 Q - a scroll of torment {unknown}
Potions
 j - 4 potions of haste {unknown}
 k - a potion of flight {unknown}
 m - 2 potions of agility {unknown}
 o - 3 potions of might {unknown}
 p - a potion of invisibility {unknown}
 s - 2 potions of brilliance {unknown}
 z - 2 potions of curing
 A - a potion of heal wounds {unknown}
 G - 3 potions of magic {unknown}
 L - a potion of mutation {unknown}
 M - 2 potions of lignification
Books
 b - a book of Conjurations

   Spells                             Type                      Level
   a - Magic Dart                     Conjuration                  1
   b - Searing Ray                    Conjuration                  2
   c - Dazzling Spray                 Conjuration/Hexes            3
   d - Fulminant Prism                Conjuration/Hexes            4
   e - Force Lance                    Conjuration/Translocation    4
   f - Iskenderun's Mystic Blast      Conjuration                  4
Comestibles
 c - 10 rations


   Skills:
 - Level 1.0 Fighting
 - Level 1.2 Staves
 - Level 2.1 Throwing
 + Level 3.3 Dodging
 - Level 4.0 Stealth
 - Level 4.0 Shields
 - Level 8.1 Spellcasting
 + Level 6.2 Conjurations
 - Level 6.2 Hexes
 - Level 2.0 Evocations


You had 9 spell levels left.
You knew the following spells:

 Your Spells              Type           Power        Failure   Level  Hunger
a - Magic Dart            Conj           ####         1%          1    None
b - Searing Ray           Conj           #####.       1%          2    None
c - Dazzling Spray        Conj/Hex       #####.       1%          3    None
d - Fulminant Prism       Conj/Hex       #####.....   2%          4    ###....
e - Iskenderun's Mystic   Conj           #####...     2%          4    ###....


Dungeon Overview and Level Annotations

Branches:
Dungeon (7/15)             Temple (1/1) D:7

Altars:
Ashenzari
Cheibriados
Dithmenos
Elyvilon
Gozag
Hepliaklqana
Kikubaaqudgha
Nemelex Xobeh
Okawaru
Ru
Sif Muna
Trog
Uskayaw
Vehumet
Xom
Yredelemnul
Zin
The Shining One
Lugonu

Shops:
D:4 :   D:6 [


Message History

Casting: Fulminant Prism
Confirm with . or Enter, or press ? or * to list all spells.
Aiming: Magic Dart
Press: ? - help, Shift-Dir - straight line, f - fulminant prism
Aim: a fulminant prism (friendly)
The magic dart hits the centaur.
The centaur is severely wounded.
The centaur shoots an arrow.
The arrow hits you!
Your fulminant prism crackles loudly.
Casting: Magic Dart
Confirm with . or Enter, or press ? or * to list all spells.
Aiming: Magic Dart
Press: ? - help, Shift-Dir - straight line, f - centaur, p - fulminant prism
Aim: a centaur, wielding a shortbow (severely wounded)
The magic dart hits the centaur.
The centaur is severely wounded.
The centaur shoots an arrow.
The arrow hits you!
* * * LOW HITPOINT WARNING * * *
The centaur shoots an arrow.
The arrow hits you!
You die...

....(.... +...<.....'......
#.....c.## #.........####...
#........# ##.......## ##.#
#.# #(.# ##.....## #.# #.#
#..# ##...## #.# #.# ###..#
##'###### #.# #.# #..#(#
#.##...## #.# #.#
#.#*c#######.#.###.###.# #.#
#.##...@.......# #...>.#
#.###.##.######....###.#####
#........# #........##
#####.##.# ##...##### #.##.#
##.## #....# #.# ###### #.#
#.# # #.# #


You could see a centaur and a friendly fulminant prism.

Vanquished Creatures
  A hippogriff (D:7)
  2 orc warriors
  2 ogres (D:4)
  A phantom (D:7)
  A centaur (D:7)
  A bullfrog (D:6)
  A big kobold (D:4)
  2 scorpions (D:4)
  3 howler monkeys
  2 crimson imps (D:5)
  2 orc priests (D:4)
  2 hounds
  2 iguanas
  An orc wizard (D:6)
  4 worker ants
  A hound zombie (D:7)
  A worker ant zombie (D:7)
  3 gnolls (D:3)
  11 adders
  2 shadow imps
  2 oozes
  An adder skeleton (D:6)
  4 worms
  A dart slug (D:1)
  4 leopard geckos
  8 orcs
  5 ball pythons
  6 giant cockroaches
  9 goblins
  7 hobgoblins
  16 jackals
  2 quokkas
  7 bats
  8 frilled lizards
  2 giant cockroach zombies (D:5)
  17 kobolds
  A quokka skeleton (D:4)
  12 rats
157 creatures vanquished.

Vanquished Creatures (others)
  20 fulminant prisms
  2 plants
22 creatures vanquished.

Grand Total: 179 creatures vanquished

Notes
Turn   | Place    | Note
-------+----------+-------------------------------------------
     0 | D:1      | Razbojnik the Deep Elf Conjurer began the quest for the Orb.
     0 | D:1      | Reached XP level 1. HP: 10/10 MP: 6/6
   250 | D:1      | Reached XP level 2. HP: 15/15 MP: 5/8
   256 | D:1      | Learned a level 2 spell: Searing Ray
   548 | D:1      | Found a glowing golden altar of the Shining One.
   603 | D:1      | Reached skill level 4 in Spellcasting
   845 | D:1      | Reached skill level 5 in Conjurations
   845 | D:1      | Reached XP level 3. HP: 19/19 MP: 5/10
  1392 | D:1      | Learned a level 3 spell: Dazzling Spray
  1501 | D:2      | Reached skill level 1 in Hexes
  1811 | D:2      | Reached XP level 4. HP: 24/24 MP: 1/12
  1823 | D:1      | Learned a level 4 spell: Fulminant Prism
  1925 | D:2      | Found a faded altar of an unknown god.
  2554 | D:3      | Reached XP level 5. HP: 28/28 MP: 4/13
  3323 | D:4      | Found Errukhli's Book Shop.
  3374 | D:4      | Found a snail-covered altar of Cheibriados.
  3431 | D:4      | Noticed an ogre
  3543 | D:4      | Noticed an ogre
  3549 | D:4      | Killed an ogre
  3549 | D:4      | Reached skill level 5 in Spellcasting
  3549 | D:4      | Reached skill level 5 in Hexes
  3551 | D:4      | Reached XP level 6. HP: 32/32 MP: 3/16
  3557 | D:4      | Learned a level 4 spell: Iskenderun's Mystic Blast
  3671 | D:4      | Reached skill level 6 in Spellcasting
  4109 | D:4      | Reached XP level 7. HP: 36/36 MP: 11/19
  4205 | D:4      | Found an opulent altar of Gozag.
  4248 | D:4      | Found a basalt altar of Yredelemnul.
  4271 | D:4      | Reached skill level 7 in Spellcasting
  4369 | D:4      | Found a shattered altar of Ashenzari.
  4373 | D:4      | Found a deep blue altar of Sif Muna.
  4376 | D:4      | Found a sparkling altar of Nemelex Xobeh.
  4377 | D:4      | Found an iron altar of Okawaru.
  4720 | D:5      | Entered Level 5 of the Dungeon
  4833 | D:5      | Found a glowing drain.
  4876 | Sewer    | Entered a sewer
  5769 | D:5      | Reached skill level 1 in Shields
  6589 | D:6      | Found Xoes Gull's Antique Armour Shop.
  6942 | D:6      | Reached skill level 1 in Throwing
  6942 | D:6      | Reached XP level 8. HP: 41/41 MP: 16/20
  7386 | D:6      | Got a smoking robe
  7397 | D:6      | Identified the +2 robe of the Thistle {rPois rF- Int+2} (You found it on level 6 of the Dungeon)
  7753 | D:7      | Found an ancient bone altar of Kikubaaqudgha.
  7783 | D:7      | Found a glowing silver altar of Zin.
  7784 | D:7      | Noticed an angel
  7789 | D:7      | Found a shimmering altar of Xom.
  7921 | D:7      | Noticed a hippogriff
  8144 | D:7      | Reached skill level 8 in Spellcasting
  8205 | D:7      | Killed a hippogriff
  8205 | D:7      | Reached skill level 1 in Fighting
  8205 | D:7      | Reached skill level 1 in Evocations
  8295 | D:7      | Reached skill level 1 in Staves
  8339 | D:7      | Found a staircase to the Ecumenical Temple.
  8348 | Temple   | Entered the Ecumenical Temple
  8370 | Temple   | Became a worshipper of Vehumet
  8511 | D:6      | Bought a pair of runed boots for 195 gold pieces
  8641 | D:5      | Shot with an arrow by a centaur

Skill      XL: |  1  2  3  4  5  6  7  8 |
---------------+-------------------------+-----
Spellcasting   | 4 5 6 7 8 |  8.1
Conjurations   | 5 6 |  6.2
Hexes          | 2 4 5 6 |  6.2
Stealth        | 3 4 |  4.0
Shields        | 2 4 |  4.0
Throwing       | 1 2 |  2.1
Fighting       | 1 |  1.0
Evocations     | 2 |  2.0
Staves         | 1 |  1.2
Dodging        | 3 |  3.3

Action                   |  1- 3 |  4- 6 |  7- 9 || total
-------------------------+-------+-------+-------++-------
Melee: Dagger            |     1 |     2 |    19 ||    22
Throw: Stone             |     2 |       |       ||     2
       Javelin           |       |       |     7 ||     7
 Cast: Magic Dart        |    60 |    39 |   101 ||   200
       Searing Ray       |     8 |     8 |    27 ||    43
       Fulminant Prism   |       |     6 |    15 ||    21
       Dazzling Spray    |       |     4 |     5 ||     9
       Iskenderun's Myst |       |     1 |     1 ||     2
  Use: Potion            |       |       |     1 ||     1
       Scroll            |       |       |     1 ||     1
 Stab: Sleeping          |     1 |     2 |       ||     3
  Eat: Chunk             |     3 |     4 |     8 ||    15
       Ration            |       |     1 |     2 ||     3
Armor: Robe              |     2 |     2 |     5 ||     9
Dodge: Dodged            |     9 |     9 |    23 ||    41
Block: Buckler           |       |       |     7 ||     7
